 Dungeon Crawl Stone Soup version 0.22.0-49-gab54619674 (webtiles) character file.

29306 Jannitor the Nimble (level 13, 0/70 HPs)
             Began as a Spriggan Abyssal Knight on Sept 2, 2018.
             Was a Priest of Lugonu.
             Killed from afar by Josephine (24 damage)
             ... with a ghostly fireball
             ... on level 4 of the Lair of Beasts on Sept 4, 2018.
             The game lasted 01:08:10 (18770 turns).

Jannitor the Nimble (Spriggan Abyssal Knight)      Turns: 18770, Time: 01:08:11

Health: 0/70       AC:  5    Str: 12    XL:     13   Next: 14%
Magic:  7/21       EV: 30    Int: 13    God:    Lugonu [***...]
Gold:   851        SH:  0    Dex: 20    Spells: 11/12 levels left

rFire    + . .     SeeInvis +   a - +4 dagger (pierce)
rCold    + + +     Gourm    .   (shield restricted)
rNeg     . . .     Faith    .   U - +2 robe {MR+}
rPois    .         Spirit   .   (helmet restricted)
rElec    +         Reflect  .   H - +0 cloak {rC+}
rCorr    .         Harm     .   (gloves unavailable)
MR       +++..                  (boots unavailable)
Stlth    +++++.....             f - amulet "Egubbuan" {Regen+ Dex+3}
HPRegen  0.61/turn              y - +5 ring of slaying
MPRegen  0.17/turn              X - ring of Reimbursement {rElec rF+ rC++ Stlth+}

@: lethally poisoned (0 -> 0), drained, very quick
A: very small, unfitting armour, see invisible, herbivore, speed 3, slow
metabolism 2
a: Depart the Abyss, Bend Space, Banish, Renounce Religion


You were on level 4 of the Lair of Beasts.
You worshipped Lugonu.
Lugonu was most pleased with you.
You were very hungry.

You visited 3 branches of the dungeon, and saw 18 of its levels.
You visited the Abyss 1 time.
You also visited: Ossuary and Ice Cave.

You collected 1065 gold pieces.
You spent 214 gold pieces at shops.

Inventory:

Hand Weapons
 a - a +4 dagger of piercing (weapon)
 b - a +7 hand crossbow of flaming
 o - a +3 dagger of holy wrath
 D - a +0 dagger of venom
 J - a +0 blowgun
Missiles
 d - 26 bolts
 z - 2 throwing nets (quivered)
 N - 8 curare-tipped needles
Armour
 A - a +0 buckler
 H - a +0 cloak of cold resistance (worn)
 U - a +2 robe of magic resistance (worn)
 W - a +1 robe of resistance
Jewellery
 f - the amulet "Egubbuan" (around neck) {Regen+ Dex+3}
   (You found it on level 2 of the Abyss)

   [amulet of regeneration]

   It affects your dexterity (+3).
   It increases your rate of regeneration.
 h - an uncursed amulet of magic regeneration {unknown}
 y - a +5 ring of slaying (left hand)
 L - an uncursed ring of protection from cold
 P - a +3 ring of protection {unknown}
 V - an uncursed ring of poison resistance {unknown}
 X - the ring of Reimbursement (right hand) {rElec rF+ rC++ Stlth+}
   (You found it on level 1 of the Lair of Beasts)

   [ring of protection from fire]

   It protects you from fire.
   It greatly protects you from cold.
   It insulates you from electricity.
   It makes you more stealthy.
Wands
 C - a wand of random effects (56)
 E - a wand of polymorph (16)
 K - a wand of iceblast (9)
 M - a wand of digging (20)
 Y - a wand of acid (8)
Scrolls
 i - 10 scrolls of teleportation
 l - 10 scrolls of remove curse
 n - 3 scrolls of identify
 p - 3 scrolls of amnesia
 r - 4 scrolls of enchant weapon
 v - 2 scrolls of enchant armour
 Q - a scroll of blinking
 T - 3 scrolls of magic mapping
Potions
 e - 6 potions of curing
 j - 5 potions of resistance
 k - 3 potions of might
 m - 2 potions of cancellation
 s - a potion of magic
 t - 9 potions of lignification
 w - 2 potions of berserk rage
 x - 4 potions of haste
 B - a potion of agility
 F - 3 potions of flight
 G - 6 potions of mutation
 I - 10 potions of heal wounds
 O - a potion of invisibility {unknown}
 R - 2 potions of brilliance
Comestibles
 c - 22 rations


   Skills:
 + Level 9.2(7.8) Fighting
 - Level 10.6(9.3) Short Blades
 * Level 7.6(6.3) Crossbows
 + Level 14.4(13.0) Dodging
 - Level 7.3(6.0) Stealth
 + Level 0.2(0.0) Spellcasting
 - Level 3.8(2.7) Necromancy
 + Level 10.5(9.1) Invocations
 + Level 1.1(0.1) Evocations


You had 11 spell levels left.
You knew the following spells:

 Your Spells              Type           Power        Failure   Level  Hunger
a - Animate Skeleton      Necr           N/A          11%         1    ##.....

Your spell library contained the following spells:

 Spells                   Type           Power        Failure   Level  Hunger
 Apportation              Tloc           #.....       30%         1    ##.....
 Beastly Appendage        Tmut           #.....       30%         1    ##.....
 Confusing Touch          Hex            #.....       30%         1    ##.....
 Corona                   Hex            #......      30%         1    ##.....
 Shock                    Conj/Air       #...         30%         1    ##.....
 Summon Small Mammal      Summ           #...         30%         1    ##.....
 Call Imp                 Summ           #.......     43%         2    ###....
 Ensorcelled Hibernation  Hex/Ice        #.....       43%         2    ###....
 Sticks to Snakes         Tmut           #.......     43%         2    ###....
 Swiftness                Chrm/Air       #.......     43%         2    ###....
 Call Canine Familiar     Summ           #.......     67%         3    ####...
 Confuse                  Hex            #.......     67%         3    ####...
 Dazzling Spray           Conj/Hex       #.....       67%         3    ####...
 Spider Form              Tmut/Pois      #.........   67%         3    ####...
 Static Discharge         Conj/Air       #.......     67%         3    ####...
 Summon Guardian Golem    Hex/Summ       #.......     67%         3    ####...
 Tukima's Dance           Hex            #.......     67%         3    ####...
 Airstrike                Air            #.........   97%         4    #####..
 Ice Form                 Ice/Tmut       #.......     97%         4    #####..
 Summon Ice Beast         Ice/Summ       #.......     97%         4    #####..
 Summon Lightning Spire   Summ/Air       #.......     97%         4    #####..
 Blade Hands              Tmut           #.........   100%        5    ######.
 Lightning Bolt           Conj/Air       #.........   100%        5    ######.


Dungeon Overview and Level Annotations

Branches:
Dungeon (13/15)            Temple (1/1) D:7            Lair (4/6) D:9
 Spider (0/4) Lair:2          Orc (0/2) D:10         Vaults (0/5) D:13
  Swamp: Lair:2-4    Shoals: Lair:2-4

Altars:
Ashenzari
Cheibriados
Dithmenos
Elyvilon
Fedhas
Gozag
Hepliaklqana
Kikubaaqudgha
Nemelex Xobeh
Okawaru
Qazlal
Ru
Sif Muna
Trog
Uskayaw
Vehumet
Wu Jian
Xom
Yredelemnul
Zin
The Shining One
Beogh

Shops:
D:11 =   D:12 (

Annotations:
D:6 exclusion: ice beast, Eustachio, Sigmund
D:8 Gastronok
D:13 Rupert
Lair:1 exclusion: hydra
Lair:4 Josephine


Innate Abilities, Weirdness & Mutations

You are very small and have problems with some larger weapons.
You are too small for most types of armour.
You have supernaturally acute eyesight. (SInv)
You are a herbivore.
You cover ground extremely quickly.
You need to consume almost no food.


Message History

Firing (i - inventory. (/) - cycle)
N - 9 curare-tipped needles (quivered)
Press: ? - help, Shift-Dir - straight line, f/p - Josephine
Aim: Josephine, wielding a dagger of venom and wearing a glowing robe (severely You shoot a curare-tipped needle.
The curare-tipped needle hits Josephine.
Josephine is poisoned.
Josephine convulses.
Josephine seems to slow down.
Josephine is almost dead.
You feel sick. Josephine completely misses you.
Wield which item (- for none, * to show all)? (? for menu, Esc to quit)
a - a +4 dagger of piercing (weapon)
You hit Josephine.
Josephine is almost dead.
You feel sick.
You barely miss Josephine.
Josephine is almost dead.
You feel yourself speed up.
You feel sick. Josephine casts a spell at you.
The ghostly flame explodes!
The ghostly fireball engulfs you!
You feel drained.
You die...

#....###...####.##
#P..#.#......###..#
...###........PP..## ..#
##.............# ..
#..............## .
###...............##
#P.............##..##
###.............@#...# .
#..............@#WW..# ...
##.............####.@###.....
#.............. #.#.........
#..<..........# ####........
#.............# #...(....
#..#..........# #..$.....
#.###......?.## P........
####.#P#P...## .........
######P### .........


You could see Josephine.

Vanquished Creatures
  An ogre mage (D:13)
  A centaur warrior (D:13)
  A two-headed ogre (D:13)
  Pikel (D:8)
  An orc sorcerer (D:13)
  A deep elf mage (D:12)
  A cyclops (D:12)
  2 ugly things (D:13)
  An ice statue (IceCv)
  2 centaur skeletons (D:11)
  A kobold demonologist (D:13)
  A komodo dragon (Lair:1)
  A spiny frog (Lair:2)
  A yaktaur (D:13)
  A rime drake (Lair:3)
  A merfolk (D:12)
  10 polar bears (IceCv)
  7 hippogriffs
  Prince Ribbit (D:9)
  A wyvern (Lair:3)
  A wraith (Lair:4)
  23 yaks
  A human (D:13)
  A basilisk (D:8)
  A steam dragon (D:13)
  A hungry ghost (D:11)
  10 water moccasins
  5 porcupines
  Duvessa (D:6)
  10 orc warriors
  2 black bears
  3 eyes of draining
  A sky beast (D:9)
  12 wolves
  2 ice beasts
  3 phantoms
  5 ogres
  10 centaurs
  2 big kobolds
  4 crocodiles
  Blork the orc (D:6)
  11 bullfrogs
  2 gnoll sergeants
  2 wyvern zombies
  7 water moccasin zombies (Ossuary)
  7 scorpions
  Dowan (D:6)
  5 killer bees (D:9)
  2 troll zombies (D:10)
  17 wights
  6 crimson imps
  A quasit (D:13)
  3 jellies
  2 bullfrog skeletons
  5 orc priests
  3 hounds
  6 orc wizards
  Ijyb (D:4)
  4 iguanas
  6 worker ants
  2 big kobold zombies (Ossuary)
  5 ogre zombies (D:10)
  2 mummies (Ossuary)
  A hound skeleton (D:4)
  A worker ant zombie (D:8)
  14 gnolls
  18 adders
  3 shadow imps
  An ooze (D:3)
  4 adder zombies (Ossuary)
  2 adder skeletons
  4 worms
  4 dart slugs
  5 leopard geckos
  43 orcs
  7 bats
  9 giant cockroaches
  A gnoll zombie (Ossuary)
  5 goblins
  11 hobgoblins
  14 jackals
  5 quokkas
  2 ball pythons (D:3)
  3 frilled lizards
  2 goblin skeletons
  2 goblin zombies (D:10)
  14 hobgoblin zombies
  A jackal skeleton (D:5)
  16 kobolds
  8 kobold zombies
  A leopard gecko skeleton (D:8)
  2 orc skeletons (D:5)
  19 orc zombies
  2 quokka skeletons
  6 rats
466 creatures vanquished.

Vanquished Creatures (collateral kills)
  A wolf (IceCv)
  An orc (D:11)
  2 kobolds (D:11)
4 creatures vanquished.

Vanquished Creatures (others)
  A frost giant (IceCv)
  3 vault guards (D:13)
  An orc knight (D:11)
  An orc sorcerer (D:10)
  A black mamba (Lair:1)
  4 spiny frogs
  A komodo dragon (Lair:2)
  3 polar bears (IceCv)
  A troll (D:10)
  2 wraiths (Lair:4)
  A vampire (D:13)
  A yak (IceCv)
  4 orc warriors
  A centaur (D:13)
  A water moccasin zombie (Ossuary)
  A scorpion (D:6)
  A big kobold zombie (Ossuary)
  A hound skeleton (D:4)
  A hobgoblin (D:3)
  A jackal (D:4)
  A kobold zombie (Ossuary)
  2 fungi
  A plant (Lair:1)
35 creatures vanquished.

Grand Total: 505 creatures vanquished

Notes
Turn   | Place    | Note
-------+----------+-------------------------------------------
     0 | Abyss:1  | Jannitor the Spriggan Abyssal Knight began the quest for
                  | the Orb.
     0 | Abyss:1  | Reached XP level 1. HP: 11/11 MP: 3/3
    42 | Abyss:2  | Found a corrupted altar of Lugonu.
    57 | Abyss:2  | Got a transparent crystal amulet
    58 | Abyss:2  | Identified the amulet "Egubbuan" {Regen+ Dex+3} (You found
                  | it on level 2 of the Abyss)
    95 | Abyss:3  | Found a corrupted altar of Lugonu.
   116 | Abyss:3  | Noticed a chaos spawn
   158 | Abyss:3  | Noticed a ynoxinul
   159 | D:1      | Escaped the Abyss
   253 | D:1      | Reached * piety under Lugonu
   261 | D:1      | Reached XP level 2. HP: 16/16 MP: 4/4
   390 | D:1      | Reached skill level 4 in Dodging
  1124 | D:2      | Reached XP level 3. HP: 19/19 MP: 5/5
  1644 | D:2      | Reached ** piety under Lugonu
  1795 | D:2      | Reached XP level 4. HP: 23/23 MP: 6/6
  2493 | D:3      | Reached skill level 1 in Stealth
  2928 | D:3      | Reached XP level 5. HP: 27/28 MP: 8/8
  3122 | D:3      | Reached skill level 5 in Dodging
  3144 | D:3      | Reached *** piety under Lugonu
  3650 | D:4      | Reached XP level 6. HP: 31/32 MP: 9/9
  3760 | D:4      | Noticed Ijyb
  4400 | D:4      | Killed Ijyb
  4420 | D:5      | Entered Level 5 of the Dungeon
  4450 | D:5      | Found a glowing golden altar of the Shining One.
  4466 | D:5      | Reached **** piety under Lugonu
  4615 | D:5      | Reached skill level 6 in Dodging
  4615 | D:5      | Reached XP level 7. HP: 37/37 MP: 10/10
  4618 | D:5      | Found a blossoming altar of Fedhas.
  4683 | D:5      | Found a sand-covered staircase.
  4687 | Ossuary  | Entered an ossuary
  4985 | Ossuary  | Reached skill level 5 in Stealth
  5042 | Ossuary  | Reached skill level 5 in Short Blades
  5386 | D:5      | Reached skill level 7 in Dodging
  5386 | D:5      | Reached XP level 8. HP: 42/42 MP: 12/12
  5776 | D:6      | Reached ***** piety under Lugonu
  5803 | D:6      | Found a stormy altar of Qazlal.
  5825 | D:6      | Found a basalt altar of Yredelemnul.
  5827 | D:6      | Noticed Sigmund
  6210 | D:6      | Noticed Eustachio
  6295 | D:6      | Reached skill level 5 in Invocations
  6416 | D:6      | Noticed Dowan
  6421 | D:6      | Killed Dowan
  6421 | D:6      | Noticed Duvessa
  6461 | D:6      | Killed Duvessa
  6527 | D:6      | Found a blossoming altar of Fedhas.
  6593 | D:6      | Reached skill level 8 in Dodging
  6600 | D:6      | Noticed Blork the orc
  6676 | D:5      | Upgraded the game from 0.22.0-40-g68aacdc4c8 to
                  | 0.22.0-49-gab54619674
  6767 | D:6      | Found a deep blue altar of Sif Muna.
  6857 | D:6      | Killed Blork the orc
  7178 | D:7      | Reached skill level 5 in Fighting
  7298 | D:7      | Found a staircase to the Ecumenical Temple.
  7308 | Temple   | Entered the Ecumenical Temple
  7602 | D:7      | You fall through a shaft for 3 floors!
  7602 | D:10     | Entered Level 10 of the Dungeon
  7619 | D:9      | Reached XP level 9. HP: 47/47 MP: 14/14
  8465 | D:8      | Reached skill level 9 in Dodging
  8856 | D:8      | Noticed Maurice
  8859 | D:8      | Noticed Maurice
  8859 | D:8      | Maurice changed into Maurice the basilisk
  8868 | D:8      | Killed Maurice the basilisk
  8993 | D:8      | Noticed Gastronok
  9079 | D:8      | Noticed Pikel
  9086 | D:8      | Killed Pikel
  9086 | D:8      | Reached skill level 10 in Dodging
  9308 | D:9      | Reached XP level 10. HP: 53/53 MP: 10/16
  9400 | D:9      | Noticed Prince Ribbit
  9413 | D:9      | Found a stormy altar of Qazlal.
  9427 | D:9      | Killed Prince Ribbit
  9710 | D:9      | Found a staircase to the Lair.
  9929 | D:10     | Found a staircase to the Orcish Mines.
  9929 | D:10     | Noticed an orc sorcerer
 10148 | D:10     | Reached ****** piety under Lugonu
 10229 | D:9      | Reached skill level 11 in Dodging
 10324 | D:10     | Banished an orc sorcerer
 10596 | D:11     | Found Uxedas's Jewellery Boutique.
 10782 | D:11     | Learned a level 1 spell: Animate Skeleton
 10819 | D:11     | Reached skill level 1 in Necromancy
 11022 | D:11     | Found a roughly hewn altar of Beogh.
 11219 | D:11     | Reached XP level 11. HP: 45/58 MP: 18/18
 11332 | D:11     | Noticed an orc knight
 11568 | D:11     | Banished an orc knight
 11842 | D:11     | Reached skill level 12 in Dodging
 11991 | D:12     | Found Lunel's Antique Weapon Shoppe.
 12009 | D:12     | Bought a glowing hand crossbow for 214 gold pieces
 12149 | D:12     | Noticed a deep elf mage
 12153 | D:12     | Killed a deep elf mage
 13346 | D:13     | Noticed a two-headed ogre
 13354 | D:13     | Killed a two-headed ogre
 13505 | D:13     | Noticed a centaur warrior
 13529 | D:13     | Killed a centaur warrior
 13595 | D:13     | Noticed a vault guard
 13622 | D:13     | Noticed a vault guard
 13630 | D:13     | Noticed a brown ugly thing
 13637 | D:13     | Killed a brown ugly thing
 13637 | D:13     | Reached skill level 10 in Short Blades
 13894 | D:13     | Noticed an ogre mage
 13894 | D:13     | Noticed a vault guard
 13894 | D:13     | Noticed an orc sorcerer
 13930 | D:13     | Killed an ogre mage
 13930 | D:13     | Reached skill level 1 in Crossbows
 14126 | D:13     | Killed an orc sorcerer
 14132 | D:13     | Noticed a vault guard
 14141 | D:13     | Reached skill level 13 in Dodging
 14273 | D:13     | Banished a vault guard
 14273 | D:13     | Noticed a vault guard
 14275 | D:13     | Banished a vault guard
 14281 | D:13     | Banished a vault guard
 14281 | D:13     | Reached XP level 12. HP: 65/65 MP: 4/20
 14433 | D:13     | Banished a vault guard
 14783 | D:13     | Noticed Rupert
 14902 | D:13     | Found a gate to the Vaults.
 14904 | D:13     | Banished a vault guard
 15187 | Lair:1   | Entered Level 1 of the Lair of Beasts
 15193 | Lair:1   | Got a bound wooden ring
 15195 | Lair:1   | Identified the ring of Reimbursement {rElec rF+ rC++
                  | Stlth+} (You found it on level 1 of the Lair of Beasts)
 15339 | Lair:1   | Noticed a seven-headed hydra
 15471 | Lair:1   | Noticed Sonja
 15859 | Lair:2   | Found a frozen archway.
 15865 | Lair:2   | Reached skill level 5 in Crossbows
 15914 | IceCv    | Entered an ice cave
 15967 | IceCv    | Reached skill level 10 in Invocations
 16379 | IceCv    | Reached skill level 14 in Dodging
 16549 | IceCv    | Noticed a frost giant
 16872 | IceCv    | Banished a frost giant
 17018 | Lair:2   | Noticed Sonja
 17018 | Lair:2   | Sonja changed into Sonja the black bear
 17022 | Lair:2   | Killed Sonja the black bear
 17173 | Lair:1   | Reached XP level 13. HP: 56/70 MP: 17/21
 17387 | Lair:2   | Found a hole to the Spider Nest.
 18654 | Lair:4   | Reached skill level 1 in Evocations
 18713 | Lair:4   | Noticed Josephine
 18770 | Lair:4   | Killed from afar by Josephine

Skill      XL: |  1  2  3  4  5  6  7  8  9 10 11 12 13 |
---------------+----------------------------------------+-----
Invocations    | 2 3 4 5 7 8 9 10 | 10.5
Dodging        | 4 5 6 7 8 10 11 13 14 | 14.4
Short Blades   | 3 4 5 6 7 9 10 | 10.6
Fighting       | 3 4 5 6 7 8 9 |  9.2
Stealth        | 1 2 3 5 7 |  7.3
Necromancy     | 1 3 |  3.8
Crossbows      | 2 7 |  7.6
Evocations     | 1 |  1.1
Spellcasting   | |  0.2

Action                   |  1- 3 |  4- 6 |  7- 9 | 10-12 | 13-15 || total
-------------------------+-------+-------+-------+-------+-------++-------
Melee: Short sword       |   125 |    49 |       |       |       ||   174
       Hand axe          |       |   137 |   109 |     1 |       ||   247
       Trident           |       |       |    39 |    25 |       ||    64
       Dagger            |       |       |   114 |   989 |   160 ||  1263
 Fire: Hunting sling     |    43 |    57 |   146 |     3 |       ||   249
       Hand crossbow     |       |       |       |    18 |       ||    18
       Blowgun           |       |       |       |       |     2 ||     2
Throw: Stone             |       |       |       |     2 |       ||     2
 Cast: Animate Skeleton  |       |       |       |    13 |     4 ||    17
Invok: Depart the Abyss  |     1 |       |       |       |       ||     1
       Banish            |       |       |       |    36 |     7 ||    43
Evoke: Wand              |       |       |     4 |    29 |       ||    33
  Use: Scroll            |     4 |     2 |    12 |    10 |     4 ||    32
       Potion            |       |       |       |     1 |     1 ||     2
 Stab: Sleeping          |     4 |     6 |    10 |    22 |     4 ||    46
       Distracted        |       |       |     2 |     8 |       ||    10
       Paralysed         |       |       |     1 |     2 |       ||     3
  Eat: Ration            |       |       |     3 |    10 |     2 ||    15
Armor: Robe              |    14 |     6 |    16 |    20 |     4 ||    60
Dodge: Dodged            |   127 |   130 |   217 |   747 |   136 ||  1357
